 Dungeon Crawl Stone Soup version 0.22.1-1-ga44c0e5 (webtiles) character file.

187 Markonkel the Chopper (level 5, -7/47 HPs)
             Began as a Minotaur Berserker on Sept 20, 2018.
             Was a Priest of Trog.
             Killed from afar by a kobold (10 damage)
             ... with a wand of acid (3)
             ... on level 3 of the Dungeon.
             The game lasted 00:07:12 (2772 turns).

Markonkel the Chopper (Minotaur Berserker)          Turns: 2772, Time: 00:07:13

Health: -7/47      AC:  8    Str: 23    XL:     5   Next: 39%
Magic:  4/4        EV: 11    Int:  4    God:    Trog [***...]
Gold:   153        SH:  0    Dex:  9    Spells: 4/4 levels left

rFire    . . .     SeeInvis .   c - +2 hand axe (chop)
rCold    + . .     Gourm    .   (no shield)
rNeg     . . .     Faith    .   m - +0 scale mail
rPois    .         Spirit   .   (helmet restricted)
rElec    .         Reflect  .   (no cloak)
rCorr    .         Harm     .   (no gloves)
MR       .....                  j - +0 pair of boots (curse)
Stlth    ..........             (no amulet)
HPRegen  0.15/turn              I - ring of protection from cold
MPRegen  0.09/turn              (no ring)

@: no status effects
A: retaliatory headbutt, horns 2
a: Berserk, Trog's Hand, Renounce Religion


You were on level 3 of the Dungeon.
You worshipped Trog.
Trog was most pleased with you.
You were not hungry.

You visited 1 branch of the dungeon, and saw 3 of its levels.

You collected 153 gold pieces.

Inventory:

Hand Weapons
 c - a +2 hand axe of chopping (weapon)
Missiles
 g - 30 poisoned needles
 Q - 108 stones (quivered)
Armour
 j - a cursed +0 pair of boots (worn)
 m - a +0 scale mail (worn)
Jewellery
 I - a ring of protection from cold (left hand)
Scrolls
 a - a scroll of enchant armour {unknown}
 i - 2 scrolls of identify
 t - 3 scrolls of teleportation
Potions
 b - a potion of brilliance {unknown}
 h - a potion of flight
 k - a potion of cancellation {unknown}
Comestibles
 e - 7 rations
 l - 7 chunks of flesh


   Skills:
 + Level 4.7 Fighting
 * Level 5.3 Axes
 + Level 3.7 Armour
 + Level 3.3 Dodging


You had 4 spell levels left.
You didn't know any spells.
Your spell library was empty.

Dungeon Overview and Level Annotations

Branches:
Dungeon (3/15)

Altars:
Okawaru


Innate Abilities, Weirdness & Mutations

You reflexively headbutt those who attack you in melee.
You have a pair of horns on your head.


Message History

You regained 3 hp, and now have 46/47 hp.
A kobold is nearby!
The kobold shouts!
The kobold zaps a wand.
The bolt of acid hits you!
You are splashed with acid!
The acid burns!
* * * LOW HITPOINT WARNING * * *
It is a wand of acid (4).
You take 30 damage, and have 16/47 hp.
MASSIVE DAMAGE!!
A kobold is nearby!
You are too injured to fight recklessly!
You are too injured to fight recklessly!
The kobold zaps a wand.
The bolt of acid hits you!
* * * LOW HITPOINT WARNING * * *
You are splashed with acid!
The acid burns!
* * * LOW HITPOINT WARNING * * *
You take 14 damage, and have 2/47 hp.
MASSIVE DAMAGE!!
The kobold zaps a wand.
The bolt of acid hits you!
You die...

#....#.....#.. #..#
........ #..#
.....# #..# ....#
#..# ##K#.#
#.####..####..#.#
#...............#
#..###..#.##.#.##
#..# #..#.##@#)#
#..# #..#.##.#.#
#..# #...<.#.#.#
#..###.##..#.#.#
#)...........#.#
#..###.....###.###
#..###............
#........<.....####
#..###.............
#.#


You could see a kobold.

Vault maps used:
D:1:      ncdulo_lavacross
D:3:      nicolae_overflow_hidden_temple, portal_sewer_entry_a,
          okawaru_altar_gauntlet_db

Notes
Turn   | Place    | Note
-------+----------+-------------------------------------------
     0 | D:1      | Markonkel the Minotaur Berserker began the quest for the
                  | Orb.
     0 | D:1      | Reached XP level 1. HP: 19/19 MP: 0/0
    98 | D:1      | Reached XP level 2. HP: 22/27 MP: 1/1
   103 | D:1      | Reached skill level 4 in Axes
   477 | D:1      | Reached XP level 3. HP: 29/33 MP: 2/2
   523 | D:1      | Reached skill level 4 in Fighting
   741 | D:1      | Reached ** piety under Trog
   797 | D:1      | Reached skill level 3 in Armour
  1141 | D:2      | Identified a cursed +0 pair of boots (You found it on level
                  | 1 of the Dungeon)
  1227 | D:2      | Identified a +0 hand axe
  1228 | D:2      | Identified 2 scrolls of identify
  1228 | D:2      | Identified a potion of flight
  1229 | D:2      | Identified 2 scrolls of teleportation
  1252 | D:2      | Identified a scroll of noise
  1365 | D:2      | Identified a +2 hand axe of chopping (You found it on level
                  | 2 of the Dungeon)
  1376 | D:2      | Identified a +0 ring mail (You found it on level 2 of the
                  | Dungeon)
  1410 | D:2      | Identified a scroll of amnesia
  2064 | D:3      | Reached XP level 4. HP: 34/40 MP: 3/3
  2235 | D:3      | Identified a +0 scale mail (You found it on level 3 of the
                  | Dungeon)
  2285 | D:3      | Reached skill level 3 in Dodging
  2286 | D:3      | Identified a ring of protection from cold (You found it on
                  | level 2 of the Dungeon)
  2333 | D:3      | Reached skill level 5 in Axes
  2342 | D:3      | Reached XP level 5. HP: 44/47 MP: 4/4
  2500 | D:3      | Found an iron altar of Okawaru.
  2741 | D:3      | Reached *** piety under Trog
  2771 | D:3      | HP: 11/47 [kobold/wand of acid (4) (5)]
  2771 | D:3      | HP: 2/47 [acid (9)]
  2772 | D:3      | Killed from afar by a kobold

Table legend:
 A = Turns spent in this place as a percentage of turns spent in the entire game.
 B = Non-inter-level travel turns spent in this place as a percentage of non-inter-level travel turns spent in the entire game.
 C = Inter-level travel turns spent in this place as a percentage of turns spent in this place.
 D = Turns resting spent in this place as a percentage of non-inter-level travel turns spent in this place.
 E = Turns spent auto-exploring this place as a percentage of non-inter-level travel turns spent in this place.
 F = Non-inter-level travel turns spent in this place divided by the number of levels of this place that you've seen.
                   A       B       C       D       E      F
               +-------+-------+-------+-------+-------+----------------------
         Total | 100.0 | 100.0 |   3.3 |   0.0 |  82.6 | 893.7
       Dungeon | 100.0 | 100.0 |   3.3 |   0.0 |  82.6 | 893.7
               +-------+-------+-------+-------+-------+----------------------

Table legend:
 A = Kills in this place as a percentage of kills in entire the game.
 B = Kills by you in this place as a percentage of kills by you in the entire game.
 C = Kills by friends in this place as a percentage of kills by friends in the entire game.
 D = Other kills in this place as a percentage of other kills in the entire game.
 E = Experience gained in this place as a percentage of experience gained in the entire game.
 F = Experience gained in this place divided by the number of levels of this place that you have seen.
                   A       B       C       D       E      F
               +-------+-------+-------+-------+-------+----------------------
         Total | 100.0 | 100.0 |   N/A |   N/A | 100.0 |  89.3
       Dungeon | 100.0 | 100.0 |   N/A |   N/A | 100.0 |  89.3
               +-------+-------+-------+-------+-------+----------------------

Skill      XL: |  1  2  3  4 |
---------------+-------------+-----
Axes           | 4 5 |  5.3
Fighting       | 4 |  4.7
Armour         | 3 |  3.7
Dodging        | 3 |  3.3

Action                   |  1- 3 |  4- 6 || total
-------------------------+-------+-------++-------
Melee: Hand axe          |    90 |    43 ||   133
       Headbutt          |    13 |    12 ||    25
Invok: Berserk           |     2 |     2 ||     4
  Use: Scroll            |     4 |       ||     4
  Eat: Chunk             |     5 |     4 ||     9
Armor: Animal skin       |    19 |       ||    19
       Ring mail         |     2 |       ||     2
       Scale mail        |       |    24 ||    24
Dodge: Dodged            |    73 |    29 ||   102

Vanquished Creatures
  5 gnolls (D:3)
  5 adders
  An ooze (D:1)
  A worm (D:3)
  2 dart slugs
  4 orcs (D:3)
  3 ball pythons
  10 bats
  8 giant cockroaches
  6 goblins
  8 hobgoblins
  5 jackals (D:1)
  3 frilled lizards
  13 kobolds
  A quokka skeleton (D:3)
  6 rats
81 creatures vanquished.
